 Dungeon Crawl Stone Soup version 0.29-a0-271-gd4eb659eea (webtiles) character file.

Game seed: 485301519496709143

152 spaghetti the Insei (level 5, -6/38 HPs)
             Began as a Demonspawn Earth Elementalist on Mar 8, 2022.
             Mangled by a gnoll
             ... wielding a +0 halberd
              (14 damage)
             ... on level 3 of the Dungeon.
             The game lasted 00:04:06 (3621 turns).

spaghetti the Insei (Demonspawn Earth Elementalist) Turns: 3621, Time: 00:04:07

Health: -6/38      AC:  5    Str:  9      XL:     5   Next: 11%
Magic:  1/8        EV: 12    Int: 16 (18) God:
Gold:   208        SH:  0    Dex: 11 (13) Spells: 4/8 levels left

rFire   . . .      SeeInvis .     - Unarmed
rCold   . . .      Faith    .   (no shield)
rNeg    . . .      Spirit   .   b - +0 robe
rPois   .          Reflect  .   B - +1 helmet
rElec   .          Harm     .   e - +0 cloak
rCorr   .          Rampage  .   (no gloves)
Will    .....                   (no boots)
Stlth   ++........              (no amulet)
HPRegen 0.12/turn               (no ring)
MPRegen 0.11/turn               (no ring)

@: attractive
A: claws 1, powered by pain 1
a: no special abilities


You were on level 3 of the Dungeon.
You visited 1 branch of the dungeon, and saw 3 of its levels.

You collected 208 gold pieces.


Innate Abilities, Weirdness & Mutations

You have sharp fingernails.
You sometimes gain a little power by taking damage.


   Skills:
 - Level 1.7 Fighting
 - Level 1.7 Dodging
 - Level 1.7 Stealth
 + Level 4.0 Unarmed Combat
 - Level 2.0 Spellcasting
 - Level 0.8 Transmutations
 - Level 2.6 Earth Magic


You had 4 spell levels left.
You knew the following spells:

 Your Spells              Type           Power      Damage    Failure   Level
a - Sandblast             Erth           20%        2d7       7%          1
b - Stone Arrow           Conj/Erth      10%        3d7       34%         3

Your spell library contained the following spells:

 Spells                   Type           Power      Damage    Failure   Level
 Passwall                 Tmut/Erth      5%         N/A       16%         2
 Freeze                   Ice            4%         1d3       21%         1
 Frozen Ramparts          Ice            2%         1d2       52%         3
 Petrify                  Tmut/Erth      7%         N/A       69%         4
 Hailstorm                Conj/Ice       1%         3d3       90%         4

Inventory:

Hand Weapons
 o - a +0 club {mace}
   (You took it off a kobold on level 1 of the Dungeon)
 p - a +0 dagger {short}
   (You took it off a goblin on level 1 of the Dungeon)
 q - a +0 hunting sling {sling}
   (You found it on level 1 of the Dungeon)
 s - a +0 dagger {short}
   (You took it off a kobold on level 2 of the Dungeon)
 v - a +0 dagger {short}
   (You found it on level 2 of the Dungeon)
 w - a +0 falchion {long}
   (You found it on level 2 of the Dungeon)
 x - a +0 club {mace}
   (You found it on level 2 of the Dungeon)
 y - a +0 mace {mace}
   (You took it off a goblin on level 2 of the Dungeon)
 z - a +0 short sword {short}
   (You took it off a kobold on level 2 of the Dungeon)
 C - a +0 hunting sling {sling}
   (You found it on level 3 of the Dungeon)
 E - a +2 short sword of speed {short}
   (You found it on level 3 of the Dungeon)
Missiles
 a - 80 stones {throwing}
 h - 2 boomerangs {throwing}
Armour
 b - a +0 robe (worn)
 e - a +0 cloak (worn)
   (You found it on level 3 of the Dungeon)
 B - a +1 helmet (worn)
   (You found it on level 3 of the Dungeon)
Jewellery
 A - a ring of fire
   (You found it on level 2 of the Dungeon)
Wands
 d - a wand of polymorph (8)
   (You found it on level 3 of the Dungeon)
Scrolls
 f - a scroll of fear
 g - a scroll of fog {unknown}
 D - a scroll of vulnerability {unknown}
Potions
 c - 2 potions of magic
 i - 2 potions of flight
 t - 2 potions of degeneration {!q@e2}

Dungeon Overview and Level Annotations

Branches:
Dungeon (3/15)

Altars:
Dithmenos

#...>#####.....#......#
#.....
#......................
###.#.
#...######..............
##.#. #...# #.....#....
#.... ##### #.....#..##
....#. ##........#
...#...
#####......#.####..
.#...##
#####.........gg......#
#.#.
#.............@#...####
##. #########......#g..#
# #......#...#
#......#...#
#......#...#
#......#...#
#......#...# ########


You could see 2 gnolls.


Message History

A gnoll comes into view. It is wielding a +0 whip.
A gnoll comes into view. It is wielding a +0 halberd.
The gnoll shouts! x2
You scratch the gnoll. The gnoll closely misses you.
The gnoll hits you with a +0 whip. 😕 HP[-3]
You take 3 damage, and now have 35/38 hp.
You barely miss the gnoll. You scratch the gnoll. The gnoll closely misses you.
The gnoll barely misses you.
The gnoll hits you with a +0 whip. 😕 HP[-4]
You take 4 damage, and now have 31/38 hp.
You scratch the gnoll. The gnoll barely misses you.
The gnoll closely misses you.
The gnoll hits you with a +0 whip. 😕 HP[-2]
You take 2 damage, and now have 29/38 hp.
You scratch the gnoll.
The gnoll hits you from afar with a +0 halberd.
The gnoll hits you with a +0 whip. The gnoll barely misses you. 😮 HP[-7]
You take 7 damage, and now have 22/38 hp.
You are too injured to fight recklessly!
You are too injured to fight recklessly!
You are too injured to fight recklessly!
You are too injured to fight recklessly!
You are too injured to fight recklessly!
You are too injured to fight recklessly!
You are too injured to fight recklessly!
You are too injured to fight recklessly!
You are too injured to fight recklessly!
You are too injured to fight recklessly!
You are too injured to fight recklessly!
You are too injured to fight recklessly!
You are too injured to fight recklessly!
You are too injured to fight recklessly!
You are too injured to fight recklessly!
You are too injured to fight recklessly!
You are too injured to fight recklessly!
The gnoll attacks as you move away! The gnoll closely misses you.
You are too injured to fight recklessly!
You are too injured to fight recklessly!
Aiming: Sandblast (safe; 8% risk of failure)
Press: ? - help, Q - select action, (/) - cycle Shift-Dir - straight line, f - gnoll
Aim: a gnoll, wielding a +0 whip (81% to hit)
The blast of sand hits the gnoll!
The gnoll hits you with a +0 whip!
* * * LOW HITPOINT WARNING * * *
😨 HP[-8] MP[-1]
You take 8 damage, and now have 14/38 hp.
MASSIVE DAMAGE!! (PAUSE)
You lost 1 mp, and now have 7/8 mp.
Aiming: Sandblast (safe; 8% risk of failure)
Press: ? - help, Q - select action, (/) - cycle Shift-Dir - straight line, f/p - gnoll
Aim: a gnoll, wielding a +0 whip (heavily wounded, 81% to hit)
The blast of sand hits the gnoll.
The gnoll hits you with a +0 whip.
* * * LOW HITPOINT WARNING * * *
😨 HP[-2] MP[-1]
You take 2 damage, and now have 12/38 hp.
You lost 1 mp, and now have 6/8 mp.
Aiming: Sandblast (safe; 8% risk of failure)
Press: ? - help, Q - select action, (/) - cycle Shift-Dir - straight line, f/p - gnoll
Aim: a gnoll, wielding a +0 whip (severely wounded, 81% to hit)
The blast of sand hits the gnoll but does no damage. 😨 MP[-1]
You lost 1 mp, and now have 5/8 mp.
Aiming: Sandblast (safe; 8% risk of failure)
Press: ? - help, Q - select action, (/) - cycle Shift-Dir - straight line, f/p - gnoll
Aim: a gnoll, wielding a +0 whip (severely wounded, 81% to hit)
The blast of sand misses the gnoll.
The gnoll closely misses you. 😨 MP[-1]
You lost 1 mp, and now have 4/8 mp.
Aiming: Sandblast (safe; 8% risk of failure)
Press: ? - help, Q - select action, (/) - cycle Shift-Dir - straight line, f/p - gnoll
Aim: a gnoll, wielding a +0 whip (severely wounded, 81% to hit)
The blast of sand hits the gnoll!
You kill the gnoll!
You feel your intelligence returning.
Your Unarmed Combat skill increases to level 4! 😨 MP[-1]
You lost 1 mp, and now have 3/8 mp.
It was a potion of attraction.
You feel attractive to monsters. The gnoll completely misses you.
The gnoll closely misses you.
Aiming: Sandblast (safe; 7% risk of failure)
Press: ? - help, Q - select action, (/) - cycle Shift-Dir - straight line, f - gnoll
Aim: a gnoll, wielding a +0 halberd (82% to hit)
The blast of sand misses the gnoll.
The gnoll closely misses you. The gnoll hits you with a +0 whip.
* * * LOW HITPOINT WARNING * * *
😱 HP[-4] MP[-1]
You take 4 damage, and now have 8/38 hp.
You lost 1 mp, and now have 2/8 mp.
Aiming: Sandblast (safe; 7% risk of failure)
Press: ? - help, Q - select action, (/) - cycle Shift-Dir - straight line, f/p - gnoll
Aim: a gnoll, wielding a +0 halberd (82% to hit)
The blast of sand hits the gnoll.
The gnoll hits you with a +0 halberd!
You die...

Skill      XL: |  1  2  3  4  5 |
---------------+----------------+-----
Fighting       | 1 |  1.7
Unarmed Combat | 1 2 3 4 |  4.0
Dodging        | |  1.7
Stealth        | |  1.7
Spellcasting   | |  2.0
Transmutations | |  0.8
Earth Magic    | |  2.6

Action                   |  1- 3 |  4- 6 || total
-------------------------+-------+-------++-------
Melee: Spear             |    39 |       ||    39
       Unarmed           |   100 |    35 ||   135
       Punch             |     2 |     1 ||     3
 Cast: Sandblast         |    20 |    20 ||    40
  Use: Potion            |     1 |     6 ||     7
       Scroll            |     1 |       ||     1
 Stab: Sleeping          |    12 |       ||    12
Armor: Robe              |    17 |     3 ||    20
Dodge: Dodged            |    71 |    28 ||    99

Levels and vault maps discovered:
D:1:      amcnicky_arrival_single_pillar, layout_loops_ring, solitary_fountain,
          minmay_tetromino_l4
D:2:      layout_basic, basic_ecumenical_altar, basic_altar,
          kennysheep_minor_cross
D:3:      layout_rooms, st_stairs_11, chequers_serial_rivers_micro_d

Notes
Turn   | Place    | Note
-------+----------+-------------------------------------------
     0 | D:1      | spaghetti the Demonspawn Earth Elementalist began the quest
                  | for the Orb.
     0 | D:1      | Reached XP level 1. HP: 13/13 MP: 3/3
     0 | D:1      | magus.rc [v1.9.6]
   280 | D:1      | Reached skill level 1 in Fighting
   507 | D:1      | Gained mutation: You have sharp fingernails. [demonic
                  | ancestry]
   507 | D:1      | Reached XP level 2. HP: 21/22 MP: 5/5
   866 | D:1      | Reached skill level 1 in Unarmed Combat
  1388 | D:2      | Found a faded altar of an unknown god.
  1584 | D:2      | Reached XP level 3. HP: 12/27 MP: 3/6
  1766 | D:2      | Learned a level 3 spell: Stone Arrow
  1885 | D:2      | Found a shadowy altar of Dithmenos.
  1939 | D:2      | Reached skill level 2 in Unarmed Combat
  2939 | D:3      | Reached XP level 4. HP: 24/33 MP: 5/7
  2940 | D:3      | Reached skill level 3 in Unarmed Combat
  3111 | D:3      | HP: 8/33 [orc/+0 club (4)]
  3362 | D:3      | Gained mutation: You sometimes gain a little power by
                  | taking damage. [demonic ancestry]
  3362 | D:3      | Reached XP level 5. HP: 38/38 MP: 8/8
  3387 | D:3      | You pick up a book of Frost and begin reading...
  3387 | D:3      | You add the spells Freeze, Frozen Ramparts and Hailstorm to
                  | your library.
  3619 | D:3      | Reached skill level 4 in Unarmed Combat
  3620 | D:3      | HP: 8/38 [gnoll/+0 whip (5)]
  3621 | D:3      | Mangled by a gnoll

Vanquished Creatures
  An orc priest (D:3)
  A gnoll (D:3)
  4 adders
  2 worms
  2 dart slugs (D:3)
  4 orcs (D:3)
  8 endoplasms
  4 giant cockroaches
  4 goblins
  7 hobgoblins
  4 quokkas
  3 ball pythons (D:2)
  5 bats
  4 kobolds
  7 rats
60 creatures vanquished.

Table legend:
 A = Non-vault XP
 B = Vault XP
 C = Vault XP percentage of total XP
 D = Non-vault monster count
 E = Vault monster count
 F = Vault count percentage of total count
                 A         B        C        D         E       F
            +---------+---------+-------+---------+---------+-------
      Total |     184 |      34 |  15.6 |      53 |       7 |  11.7
            +---------+---------+-------+---------+---------+-------
        D:1 |      31 |       5 |  13.9 |      18 |       4 |  18.2
        D:2 |      40 |       0 |   0.0 |      15 |       0 |   0.0
        D:3 |     113 |      29 |  20.4 |      20 |       3 |  13.0
            +---------+---------+-------+---------+---------+-------

Illustrated notes

Table legend:
 A = Kills in this place as a percentage of kills in entire the game.
 B = Kills by you in this place as a percentage of kills by you in the entire game.
 C = Kills by friends in this place as a percentage of kills by friends in the entire game.
 D = Other kills in this place as a percentage of other kills in the entire game.
 E = Experience gained in this place as a percentage of experience gained in the entire game.
 F = Experience gained in this place divided by the number of levels of this place that you have seen.
                   A       B       C       D       E      F
               +-------+-------+-------+-------+-------+----------------------
         Total | 100.0 | 100.0 |   N/A |   N/A | 100.0 |  72.7
       Dungeon | 100.0 | 100.0 |   N/A |   N/A | 100.0 |  72.7
               +-------+-------+-------+-------+-------+----------------------

Table legend: (Time is in decaauts)
 A = Elapsed time spent in this place.
 B = Non-inter-level travel time spent in this place.
 C = Inter-level travel time spent in this place.
 D = Time resting spent in this place.
 E = Time spent auto-exploring this place.
 F = Levels seen in this place.
 G = Mean time per level.
                   A        B        C        D        E       F      G
               +--------+--------+--------+--------+--------+-----+--------+
         Total |   3603 |   3561 |     42 |    502 |   2575 |   3 | 1201.0 |
       Dungeon |   3603 |   3561 |     42 |    502 |   2575 |   3 | 1201.0 |
               +--------+--------+--------+--------+--------+-----+--------+

Top non-repeatable levels by time:
     D:2: 1425 daAuts
     D:1: 1334 daAuts
     D:3: 844 daAuts
